AoeStats
← Master Zio

Lombardia

508553228Analyzed
4v4 RM · 9d ago on Sep 23, 2026· 33m 29s· 8 players
Game mode
Random Map
Map size
Large (8 player)
Population
200
Speed
Normal
Resources
Standard
Victory
Conquest
Starting age
Dark Age
Ending age
Imperial Age
RankedLock teamsTeams togetherTeam positionsShared explorationLock speedFull tech treeHidden civsTurbo modeCheats
Victory
Defeat
🇨🇱 Byzantines · Chile
1043
+12
🇺🇸 Varangians · United States
1033
+13
🇲🇽 Romans · Mexico
1029
+13
🇺🇸 Spanish · United States
1014
+14
🇦🇷 Burgundians · Argentina
1056
-17
🇦🇷 Vietnamese · Argentina
974
-13
🇨🇳 Persians · China
911
-11
🇦🇺 Teutons · Australia
903
-11
Target Him9038
11:35 Feudal Age
13:08 Double-Bit Axe
14:05 Bloodlines
15:03 Scale Barding Armor
21:30 Castle Age
20:04 Forging
22:28 Husbandry
23:02 Light Cavalry
23:40 Gold Mining
24:44 Wheelbarrow
24:24 Bow Saw
23:58 Horse Collar
24:44 Loom
25:15 Heavy Plow
25:10 Stone Mining
26:24 Chain Barding Armor
31:57 Hand Cart
35:10 Imperial Age
lors_b
7:53 Loom
10:05 Feudal Age
11:09 Double-Bit Axe
10:57 Man-at-Arms
12:57 Horse Collar
21:23 Castle Age
20:29 Scale Mail Armor
20:41 Gold Mining
22:45 Bow Saw
22:40 Heavy Plow
23:01 Long Swordsman
29:51 Wheelbarrow
29:04 Town Watch
29:45 Chain Mail Armor
29:40 Forging
29:37 Squires
34:44 Imperial Age
33:09 Hand Cart
Khmer Kardashian
8:28 Loom
10:44 Feudal Age
11:57 Horse Collar
12:05 Double-Bit Axe
18:04 Castle Age
20:05 Forging
20:30 Bow Saw
21:07 Wheelbarrow
22:15 Heavy Plow
22:40 Stone Mining
24:34 Gold Mining
32:13 Imperial Age
30:39 Fortified Wall
32:24 Iron Casting
Aquiles Baeza
5:07 Loom
10:56 Feudal Age
11:56 Horse Collar
21:33 Castle Age
20:13 Scale Barding Armor
20:18 Forging
20:07 Double-Bit Axe
21:55 Gold Mining
21:39 Light Cavalry
22:41 Chain Barding Armor
22:51 Husbandry
25:18 Pikeman
26:51 Iron Casting
31:07 Wheelbarrow
31:43 Heavy Plow
crepysa
6:44 Double-Bit Axe
7:27 Loom
10:33 Feudal Age
10:39 Horse Collar
11:35 Bow Saw
20:26 Castle Age
18:30 Fletching
18:51 Forging
19:56 Heavy Plow
20:36 Scale Barding Armor
21:07 Wheelbarrow
21:10 Husbandry
21:34 Husbandry
22:18 Town Watch
22:01 Cavalier
27:07 Padded Archer Armor
28:39 Iron Casting
29:03 Chain Barding Armor
29:51 Hand Cart
30:52 Bodkin Arrow
31:26 Burgundian Vineyards
31:35 Burgundian Vineyards
Aquillo
11:43 Feudal Age
17:09 Castle Age
16:36 Double-Bit Axe
16:39 Loom
17:25 Pikeman
18:06 Squires
23:36 Bow Saw
24:04 Forging
26:53 Iron Casting
26:18 Scale Mail Armor
26:30 Caravan
26:30 Stone Mining
28:02 Town Watch
28:11 Horse Collar
28:27 Gold Mining
29:54 Wheelbarrow
30:03 Bloodlines
Master Zio
1:13 Loom
12:28 Feudal Age
13:38 Double-Bit Axe
13:48 Gold Mining
17:18 Castle Age
18:36 Bow Saw
24:15 Wheelbarrow
23:33 Horse Collar
24:04 Heavy Plow
26:38 Hand Cart
31:16 Imperial Age
29:57 Stone Mining
32:48 Ballistics
32:32 Padded Archer Armor
32:24 Fletching
1627684093
2:00 Loom
13:05 Feudal Age
13:46 Double-Bit Axe
13:46 Horse Collar
23:34 Castle Age
22:50 Bloodlines
24:31 Bow Saw
24:44 Heavy Plow
Connection lost

Rejoining the realm…

Still unreachable

The connection could not be restored.

Session expired

The server has moved on; the page needs a fresh start.